Map: Dusk Towers

Players

Pokebunny - Winner!

  • Race: Terran Terran
  • League: Grandmaster

Breosith

  • Race: Zerg Zerg
  • League: Master

VOD

Have the link to the VOD?

Description

Time

  • Played on: April 6, 2016, 12:51 p.m.
  • Length: 15:47
Show
View Real Time Build Order
Export as new Build Order

Pokebunny Terran - Winner!

Build Orders: Liberator Opening, Reaper Expand, MMM Bio 

Get SALT Encoding   

  12  0:01  SCV  
  13  0:13  SCV  
  14  0:18  Supply Depot  
  14  0:25  SCV  
  15  0:39  SCV  
  15  0:40  Barracks  
  16  0:45  Refinery  
  16  0:51  SCV  
  17  1:03  SCV  
  18  1:15  SCV  
  19  1:29  Reaper, Orbital Command  
  20  1:39  Command Center  
  20  1:55  Supply Depot, SCV  
  21  2:02  Marine  
  21  2:07  SCV  
  23  2:11  Factory  
  23  2:17  Refinery  
  23  2:19  SCV  
  24  2:25  Barracks Reactor  
  24  2:31  SCV  
  25  2:46  SCV  
  26  2:51  Orbital Command, Command Center  
  26  3:00  SCV  
  27  3:08  Starport  
  27  3:13  SCV  
  27  3:19  Widow Mine  
  30  3:20  Widow Mine  
  30  3:23  Marine  
  33  3:27  Liberator  
  33  3:28  SCV x2  
  35  3:37  Bunker  
  35  3:41  Barracks Tech Lab  
  38  3:56  SCV  
  38  3:59  Hellion, Marine  
  38  4:00  Hellion  
  34  4:36  Orbital Command  
  34  4:40  Barracks x2  
  34  4:41  SCV x2  
  36  4:46  Siege Tank  
  36  4:51  Marine x2  
  41  4:54  Starport Reactor  
  41  4:57  SCV x2  
  43  5:17  SCV x2  
  45  5:26  Factory Reactor  
  44  5:30  SCV x2  
  44  5:35  Barracks Reactor, Marine  
  47  5:36  Factory Tech Lab, Barracks Reactor, Stimpack  
  47  5:38  Medivac x2  
  51  5:43  SCV x2  
  53  5:55  SCV x2  
  53  5:57  Marine  
  55  5:58  Siege Tank  
  55  6:03  SCV  
  60  6:07  SCV x2  
  60  6:09  Refinery  
  60  6:10  Refinery  
  59  6:15  Barracks  
  59  6:16  Marine x2  
  61  6:21  Supply Depot  
  61  6:26  Marine x3, SCV x3  
  67  6:33  Medivac  
  69  6:43  Siege Tank, SCV x3  
  69  6:45  Engineering Bay x2  
  75  6:47  Marine x2  
  75  6:52  Supply Depot  
  75  6:53  Supply Depot  
  77  7:13  Marine x7  
  82  7:28  Siege Tank, Medivac x2  
  88  7:30  Terran Infantry Armor Level 1, Terran Infantry Weapons Level 1  
  88  7:31  Marine x4, SCV  
  88  7:36  Supply Depot, SCV  
  93  7:37  Supply Depot  
  93  7:38  SCV  
  83  7:57  Marine x3  
  83  7:58  Combat Shields, Marine x2, Marauder  
  87  8:01  Barracks  
  87  8:03  Barracks, Siege Tank, SCV x2  
  92  8:09  Supply Depot  
  92  8:14  Marine  
  92  8:16  Medivac x2  
  92  8:17  Marine  
  92  8:18  Marine x3  
  92  8:19  Marauder  
  91  8:37  Marine x4  
  91  8:38  Marine x2  
  91  8:40  Siege Tank, Marauder  
  91  8:41  SCV x2  
  104  8:53  SCV x2  
  104  8:55  Barracks Reactor, Barracks Tech Lab  
  106  8:58  Armory  
  106  9:01  Supply Depot  
  106  9:07  Marine x2  
  106  9:08  Marine x3, Marauder  
  113  9:11  Liberator x2  
  113  9:16  Supply Depot  
  113  9:17  Supply Depot  
  113  9:18  Supply Depot  
  118  9:44  Marine x3  
  118  9:45  Marine x4, Marauder  
  125  9:46  Marauder  
  125  9:50  Siege Tank  
  128  10:03  Terran Infantry Armor Level 2, Supply Depot  
  128  10:04  Supply Depot  
  128  10:07  Terran Infantry Weapons Level 2  
  128  10:27  Marine  
  128  10:28  Marine x4, Marauder x2  
  133  10:53  Marine x4, Marauder  
  114  10:59  Marine  
  114  11:00  Marine x3, Marauder  
  114  11:10  Marine  
  114  11:11  Marine x2  
  115  11:16  Marine, Marauder  
  115  11:17  Marine x2  
  115  11:33  Marine x3  
  115  11:34  Marine, Marauder  
  115  11:37  Marauder  
  121  11:45  Concussive Shells, Marine x3  
  121  11:46  Siege Tank  
  127  11:55  Marauder  
  125  12:04  Marine  
  125  12:05  Marine, Marauder  
  121  12:11  Orbital Command  
  121  12:14  Marine, Medivac x2  
  121  12:15  Marine x4  
  118  12:16  Marauder  
  121  12:25  Siege Tank  
  123  12:48  Medivac x2  
  121  12:59  Fusion Core, Starport  
  121  13:01  Siege Tank, Marine x3, Marauder x2  
  121  13:02  Marine x5  
  130  13:26  Marine x4, Marauder  
  130  13:27  Marine, Marauder  
  139  13:35  Command Center  
  139  13:40  Missile Turret  
  139  13:41  Refinery  
  139  13:42  Refinery  
  139  13:51  Marine x4, Marauder  
  139  13:52  Marine x3, Marauder  
  148  13:57  Medivac x2  
  139  14:12  Liberator  
  139  14:16  Marine x2  
  139  14:17  Marine x6, Marauder x2  
  130  14:19  Liberator  
  130  14:22  SCV  
  130  14:23  SCV x2  
  141  14:28  Starport Tech Lab  
  144  14:34  Marine  
  147  14:46  Planetary Fortress  
  147  14:48  Missile Turret  
  147  14:54  Supply Depot  
  147  14:57  Marine x3  
  147  14:58  Marine, Marauder  
  153  15:05  Marine  
  153  15:06  Marauder  
  156  15:25  Marine x3  
  156  15:26  Marine x5, Marauder  
  156  15:27  Marine  
Show
View Real Time Build Order
Export as new Build Order

Breosith Zerg 

Build Orders: Pool First 

Get SALT Encoding   

  12  0:01  Drone  
  13  0:12  Overlord  
  13  0:18  Drone  
  14  0:33  Drone x2  
  17  0:35  Drone  
  17  0:43  Extractor  
  17  0:46  Spawning Pool  
  15  0:51  Drone  
  15  0:56  Drone  
  17  1:16  Hatchery  
  16  1:19  Drone  
  16  1:24  Drone  
  18  1:35  Queen  
  20  1:40  Drone  
  20  1:42  Drone  
  22  1:49  Overlord  
  22  2:03  Baneling Nest  
  22  2:05  Roach Warren  
  22  2:08  Drone  
  22  2:13  Queen  
  24  2:24  Drone x2  
  26  2:45  Roach x5  
  26  2:50  Overlord  
  36  3:04  Burrow  
  36  3:12  Drone x4  
  40  3:14  Drone  
  40  3:15  Drone  
  42  3:23  Ravager  
  43  3:30  Ravager  
  44  3:35  Overlord  
  44  3:36  Evolution Chamber  
  43  3:42  Drone  
  43  3:43  Overlord  
  44  4:01  Drone x5  
  44  4:02  Drone x2  
  49  4:24  Ravager  
  49  4:29  Drone x6  
  50  4:39  Zergling x2  
  50  4:41  Drone  
  52  4:48  Drone, Extractor  
  52  4:49  Extractor x2  
  50  4:55  Hatchery  
  49  5:06  Roach x2  
  53  5:08  Drone  
  53  5:09  Drone x4  
  58  5:14  Spore Crawler  
  58  5:15  Drone x3  
  58  5:16  Zerg Missile Weapons Level 1  
  58  5:17  Overlord  
  60  5:24  Overlord  
  60  5:26  Overlord  
  60  5:27  Lair  
  60  5:47  Drone x8  
  60  5:48  Ravager x2  
  67  6:11  Drone x4  
  67  6:12  Drone x6  
  77  6:18  Roach  
  77  6:19  Roach  
  77  6:23  Zergling x2  
  77  6:24  Glial Reconstitution, Metabolic Boost  
  82  6:26  Hatchery  
  82  6:31  Overseer  
  81  6:33  Roach x3  
  81  6:36  Roach, Overlord  
  81  6:37  Overlord x2  
  81  6:38  Overlord  
  89  6:56  Roach x7  
  103  7:03  Roach x4  
  111  7:12  Roach  
  111  7:13  Zergling x2, Overlord x2  
  109  7:26  Overlord x2  
  109  7:39  Zergling x22  
  114  7:47  Roach x12  
  102  8:00  Roach x10  
  102  8:03  Spire, Extractor x2  
  119  8:08  Overlord, Drone x2  
  119  8:09  Drone x2  
  119  8:11  Zerg Ground Armor Level 1  
  123  8:15  Drone x4, Evolution Chamber  
  123  8:17  Infestation Pit  
  125  8:24  Overlord x2  
  125  8:25  Zergling x2  
  120  8:28  Zergling x2  
  108  8:37  Roach x8, Hatchery  
  108  8:41  Drone  
  120  8:43  Zerg Melee Weapons Level 1  
  120  8:50  Zergling x8  
  124  8:56  Hive  
  124  8:57  Pathogen Glands  
  124  8:59  Roach x2  
  124  9:00  Roach, Queen  
  124  9:02  Overlord, Drone x5  
  137  9:06  Ravager x3  
  137  9:08  Zergling x6  
  143  9:15  Roach x7  
  143  9:18  Roach  
  137  9:25  Zergling x2  
  137  9:26  Zergling x8  
  137  9:29  Roach  
  137  9:31  Corruptor x4  
  142  9:32  Overlord  
  142  9:33  Zergling x8  
  147  9:45  Zergling x2  
  147  9:46  Zergling x6  
  147  9:51  Corruptor x2  
  153  9:53  Overlord  
  153  9:54  Roach x3  
  149  10:03  Corruptor  
  149  10:04  Infestor x2  
  149  10:06  Overlord  
  155  10:08  Zergling x2  
  152  10:15  Roach x13  
  152  10:19  Drone x3  
  152  10:20  Drone x5  
  150  10:30  Zergling x6  
  150  10:32  Ultralisk Cavern  
  152  10:38  Zergling x12  
  152  10:42  Zergling x2  
  156  10:43  Zergling x2  
  156  10:45  Roach  
  156  10:47  Overseer  
  122  10:57  Roach x4  
  122  11:01  Roach  
  126  11:05  Roach x2  
  126  11:08  Roach  
  129  11:14  Roach  
  129  11:15  Roach x2  
  134  11:23  Ultralisk x3, Overlord  
  150  11:32  Zergling x4  
  138  11:36  Roach x6  
  144  11:45  Zergling x2  
  144  11:46  Overlord x2  
  137  11:54  Zergling x2  
  137  11:56  Ravager  
  137  11:59  Roach  
  137  12:00  Roach x2  
  137  12:01  Chitinous Plating  
  117  12:13  Zergling x6  
  104  12:20  Zergling x2  
  102  12:25  Ultralisk  
  102  12:26  Zergling x2  
  102  12:27  Zergling x2  
  106  12:33  Extractor x2  
  106  12:36  Roach x3  
  109  12:41  Hatchery  
  107  12:57  Zergling x6, Ultralisk  
  105  13:10  Roach x2  
  108  13:16  Zergling x2  
  108  13:17  Zergling x2  
  106  13:20  Hatchery  
  106  13:24  Ultralisk  
  106  13:25  Ultralisk  
  117  13:43  Corruptor  
  117  13:44  Corruptor  
  117  13:45  Zergling x8  
  99  14:16  Ultralisk  
  86  14:17  Zergling x2  
  86  14:18  Zergling x18  
  96  14:30  Infestor  
  96  14:31  Infestor  
  97  14:46  Queen x2  
  97  14:49  Hatchery  
  97  14:51  Zergling x10, Corruptor  
  107  14:53  Infestor  
  107  15:02  Ultralisk  
  110  15:22  Zergling x2  
  110  15:23  Zergling x8  
Tags
 
Add a new tag
Caveats
  • Supply blocks, unpowered buildings, or Contaminate may cause inaccurate times.
  • Supply counts are checked every 10 seconds.